 Dungeon Crawl Stone Soup version 0.29.1-2-gbd0b4ee654 (webtiles) character file.

Game seed: 1738455022153564354

18390 tizbic2 the Basher (level 12, -22/82 HPs)
             Began as an Octopode Hunter on Oct 29, 2022.
             Was a High Priest of Ru.
             Annihilated by an enormous slime creature (72 damage)
             ... on level 13 of the Dungeon on Oct 30, 2022.
             The game lasted 01:38:56 (12214 turns).

tizbic2 the Basher (Octopode Hunter)               Turns: 12214, Time: 01:38:57

Health: -22/82     AC:  9    Str: 15    XL:     12   Next: 58%
Magic:  15/15      EV: 16    Int: 16    God:    Ru [*****.]
Gold:   308        SH:  6    Dex: 16    Spells: 10/16 levels left

rFire   x . .      SeeInvis .   a - +11 whip "Cegh" {speed, Str+3}
rCold   + . .      Faith    .   S - +1 buckler
rNeg    . . .      Spirit   .   (helmet restricted)
rPois   +          Reflect  .   f - amulet of regeneration
rElec   .          Harm     .   l - +4 ring of protection
rCorr   .          Rampage  .   c - +4 ring of protection
Will    .....                   C - ring of poison resistance
Stlth   +++++.....              G - ring of protection from cold
HPRegen 1.03/turn               H - ring of protection from cold
MPRegen 0.14/turn               (no ring)
                                (no ring)
                                (no ring)

@: no status effects
A: almost no armour, amphibious, 8 rings, camouflage 1, gelatinous body 1, hated
by all, unskilled 1, temperature sensitive, (nimble swimmer 1), tentacles,
clever 1, subdued magic 2
a: Renounce Religion, Draw Out Power, Power Leap, Apocalypse


You were on level 13 of the Dungeon.
You worshipped Ru.
Ru was extremely pleased with you.
You visited 2 branches of the dungeon, and saw 14 of its levels.
You also visited: Sewer.

You collected 1139 gold pieces.
You spent 831 gold pieces at shops.

Inventory:

Hand Weapons
 a - the +11 whip "Cegh" (weapon) {speed, Str+3}
   (You found it on level 3 of the Dungeon)

   Attacks with this weapon are significantly faster.
   Str:       It affects your strength (+3).
 m - a +5 mace
 q - a +0 vampiric falchion
 v - a +1 shortbow
 w - a +2 vorpal sling
 F - a +2 flail of protection
 K - a +5 flail of draining
 P - a -2 demon whip of venom
Missiles
 j - 2 silver boomerangs
 x - a throwing net
 A - 8 boomerangs
 R - 5 curare-tipped darts
 V - 3 datura-tipped darts
Armour
 S - a +1 buckler (worn)
Jewellery
 c - a +4 ring of protection (right tentacle)
 f - an amulet of regeneration (around mantle)
 l - a +4 ring of protection (left tentacle)
 C - a ring of poison resistance (on tentacle)
 G - a ring of protection from cold (on tentacle)
 H - a ring of protection from cold (on tentacle)
 M - an amulet of faith
 N - a ring of fire
Wands
 e - a wand of paralysis (19)
 h - a wand of polymorph (4)
 D - a wand of iceblast (7) (quivered)
 Q - a wand of quicksilver (6)
 W - a wand of digging (3)
 Y - a wand of mindburst (5)
Scrolls
 b - 4 scrolls of immolation
 d - 2 scrolls of poison
 i - a scroll of magic mapping
 k - 8 scrolls of amnesia
 r - 2 scrolls of fear
 s - a scroll of blinking
 t - 2 scrolls of vulnerability
 y - 8 scrolls of teleportation
 z - 2 scrolls of silence
 L - a scroll of butterflies
 T - a scroll of brand weapon {unknown}
 Z - 3 scrolls of summoning
Potions
 g - 2 potions of invisibility {unknown}
 n - 3 potions of attraction
 o - a potion of might
 u - 5 potions of heal wounds {unknown}
 B - a potion of ambrosia
 E - 2 potions of brilliance
 I - 3 potions of flight
 J - a potion of cancellation {unknown}
 O - 4 potions of magic
 U - 3 potions of haste {unknown}
 X - a potion of lignification


   Skills:
 + Level 7.8 Fighting
 - Level 2.3 Long Blades
 - Level 12.9 Maces & Flails
 - Level 5.8 Ranged Weapons
 - Level 6.7 Dodging
 + Level 8.0 Stealth
 * Level 3.3 Shields
 + Level 2.6 Spellcasting
 - Level 1.5 Hexes


You had 10 spell levels left.
You knew the following spells:

 Your Spells              Type           Power      Damage    Failure   Level
a - Apportation           Tloc           2%         N/A       19%         1
b - Dazzling Flash        Conj/Hex       4%         N/A       41%         3
c - Wereblood             Tmut           1%         N/A       28%         2

Your spell library contained the following spells:

 Spells                   Type           Power      Damage    Failure   Level
 Sandblast                Erth           2%         2d4       19%         1
 Passwall                 Tmut/Erth      0%         N/A       28%         2
 Gell's Gravitas          Tloc           1%         N/A       52%         3
 Stone Arrow              Conj/Erth      2%         3d7       52%         3
 Teleport Other           Tloc           1%         N/A       52%         3
 Agony                    Necr           1%         N/A       99%         5
 Alistair's Intoxication  Tmut/Pois      0%         N/A       99%         5
 Blade Hands              Tmut           0%         N/A       99%         5
 Borgnjor's Vile Clutch   Necr/Erth      0%         N/A       99%         5
 Silence                  Hex/Air        1%         N/A       99%         5
 Yara's Violent Unravell  Hex/Tmut       1%         3d3       99%         5
 Dispersal                Tloc           0%         N/A       100%        6
 Eringya's Noxious Bog    Tmut/Pois      0%         N/A       100%        6
 Iron Shot                Conj/Erth      0%         9d1       100%        6
 Dragon Form              Tmut           0%         N/A       100%        7
 Animate Armour           Summ/Erth      Unusable   N/A       N/A         4

Dungeon Overview and Level Annotations

Branches:
Dungeon (13/15)            Temple (1/1) D:4            Lair (0/5) D:8
    Orc (0/2) D:11          Sewer (visited)
 Vaults: D:13-14

Altars:
Ashenzari
Cheibriados
Dithmenos
Elyvilon
Gozag
Kikubaaqudgha
Makhleb
Nemelex Xobeh
Okawaru
Qazlal
Ru
Sif Muna
Trog
Uskayaw
Vehumet
Wu Jian
Xom
Zin
The Shining One

Shops:
D:6 *?=:   D:7 *   D:9 =?**   D:10 (


Innate Abilities, Weirdness & Mutations

You cannot wear most types of armour.
You are amphibious.
You can wear up to eight rings at the same time.
Your skin changes colour to match your surroundings (Stealth+).
Your rubbery body absorbs attacks. (AC +1, EV +1)
You are hated by all.
You are somewhat unskilled. (-1 Apt)
You are sensitive to extremes of temperature. (rF-, rC-)
((You are camouflaged when in or above water. (Stealth+)))
You have tentacles for arms and can constrict up to eight enemies at once.
Your mind is acute. (Int +4, Str/Dex -1)
Your spells are easier to cast, but less powerful.


Message History

You squeeze the slime creature, but do no damage.
The slime creature is lightly wounded.
You barely miss the slime creature. You squeeze the slime creature.
The slime creature is heavily wounded.
The slime creature hits you! The slime creature barely misses you.
The slime creature is stunned by your conviction and fails to attack.
You hit the slime creature.
The slime creature is heavily wounded.
You hit the slime creature.
The slime creature is heavily wounded.
The slime creature misses you. The slime creature hits you.
Two slime creatures merge to form a large slime creature.
The slime creature misses you.
The slime creature attacks as you move away!
The slime creature hits you but does no damage.
The slime creature attacks as you move away!
The slime creature closely misses you.
The slime creature attacks as you move away!
The slime creature hits you!
The slime creature attacks as you move away!
The slime creature hits you!
Two slime creatures merge to form a large slime creature.
You hit the large slime creature.
The large slime creature is lightly wounded.
You whack the large slime creature!
The large slime creature is lightly wounded.
A large slime creature splits.
You hit the large slime creature.
The large slime creature is moderately wounded.
The large slime creature misses you.
You whack the large slime creature!
The large slime creature is moderately wounded.
You whack the large slime creature!
The large slime creature is moderately wounded.
Two slime creatures merge to form a very large slime creature.
Two slime creatures merge to form an enormous slime creature.
The enormous slime creature attacks as you move away!
The enormous slime creature hits you!!!!
Ouch! That really hurt!
You die...

#########
###############
####.......#
#.............#
...........#
#.............#
...........#
#....#####....#
...........###....#
#....#
...........J@.....#
#....##
#..#############..#
#...... ##....'..#
#...... #...[.#..#
#......
#.....#..#####......
#.....#.............
#.....#...##'####...
#######...#.....#...
..###.....#...


You could see an enormous slime creature.

Vanquished Creatures
  Harold (D:10)
  A boulder beetle (D:12)
  A two-headed ogre (D:9)
  Sonja (D:10)
  Amaemon (D:9)
  A deep elf pyromancer (D:13)
  An ugly thing (D:11)
  A cyclops (D:12)
  An elephant (D:8)
  3 gargoyles (D:12)
  Psyche (D:11)
  An orange demon (D:9)
  Maggie (D:10)
  5 trolls
  2 hornets
  2 slime creatures (D:13)
  A shadow (D:9)
  2 wyverns
  3 wraiths
  8 yaks
  Sigmund (D:7)
  2 vampires
  3 basilisks
  13 vampire mosquitoes
  Edmund (D:7)
  A water moccasin (D:8)
  7 orc warriors
  A sky beast (D:7)
  2 ice beasts
  3 black bears
  3 ogres (D:10)
  4 centaurs
  2 phantoms
  A kobold brigand (D:10)
  4 bullfrogs
  A gnoll sergeant (D:12)
  A necrophage (D:4)
  3 scorpions
  23 wights
  5 killer bees (D:7)
  4 howler monkeys
  A quasit (D:6)
  3 jellies
  5 gnoll boudas
  4 hounds
  Crazy Yiuf (D:7)
  11 orc priests
  Terence (D:2)
  Jessica (D:2)
  5 iguanas
  10 orc wizards
  6 adders
  27 gnolls
  A white imp (D:5)
  2 ufetubi
  4 worms
  4 dart slugs
  48 orcs
  8 ball pythons
  13 endoplasms
  11 giant cockroaches
  7 goblins
  4 hobgoblins
  6 jackals
  10 quokkas
  6 bats
  18 frilled lizards
  A goblin skeleton (D:6)
  A goblin zombie (D:6)
  A hobgoblin zombie (D:6)
  7 kobolds
  2 orc skeletons (D:6)
  An orc zombie (D:6)
  5 rats
358 creatures vanquished.

Vanquished Creatures (others)
  An orc (D:11)
  5 fungi
  9 plants (D:10)
15 creatures vanquished.

Grand Total: 373 creatures vanquished

Notes
Turn   | Place    | Note
-------+----------+-------------------------------------------
     0 | D:1      | tizbic2 the Octopode Hunter began the quest for the Orb.
     0 | D:1      | Reached XP level 1. HP: 14/14 MP: 1/1
    89 | D:1      | Reached XP level 2. HP: 3/19 MP: 2/2
  1128 | D:1      | Reached XP level 3. HP: 24/24 MP: 3/3
  1497 | D:2      | Noticed Terence
  1519 | D:2      | Killed Terence
  1520 | D:2      | Reached XP level 4. HP: 10/30 MP: 4/4
  1819 | D:2      | Found a faded altar of an unknown god.
  2137 | D:2      | Reached skill level 1 in Long Blades
  2265 | D:2      | Noticed Jessica
  2268 | D:2      | Killed Jessica
  2269 | D:2      | Reached XP level 5. HP: 35/35 MP: 5/5
  2654 | D:3      | Found a glowing silver altar of Zin.
  2672 | D:3      | Found a glowing drain.
  2713 | Sewer    | Entered a sewer
  2839 | Sewer    | Reached XP level 6. HP: 41/41 MP: 6/6
  2930 | Sewer    | Reached skill level 5 in Stealth
  3244 | D:3      | Identified the +11 whip "Cegh" {speed, Str+3}
  3298 | D:3      | You fall into a shaft and drop 2 floors!
  3298 | D:5      | Entered Level 5 of the Dungeon
  3302 | D:5      | Found a hide-covered altar of Uskayaw.
  3436 | D:5      | Found a sparkling altar of Nemelex Xobeh.
  3451 | D:5      | Found a basalt altar of Yredelemnul.
  3460 | D:4      | Reached skill level 1 in Maces & Flails
  3490 | D:4      | Reached skill level 5 in Ranged Weapons
  3490 | D:4      | Reached XP level 7. HP: 46/46 MP: 7/7
  3542 | D:4      | Reached skill level 2 in Maces & Flails
  3873 | D:4      | Reached skill level 3 in Maces & Flails
  3901 | D:4      | Found a staircase to the Ecumenical Temple.
  3921 | D:4      | Reached skill level 4 in Maces & Flails
  3934 | Temple   | Entered the Ecumenical Temple
  3937 | Temple   | Became a worshipper of Cheibriados the Contemplative
  3968 | D:4      | Gained mutation: One of your tentacles bears a spike.
                  | [potion of mutation]
  3968 | D:4      | Gained mutation: You occasionally lose the ability to read
                  | scrolls when taking damage. [potion of mutation]
  3968 | D:4      | Gained mutation: You have hidden genetic defects. [potion
                  | of mutation]
  3969 | D:4      | Lost mutation: One of your tentacles bears a spike. [potion
                  | of mutation]
  3969 | D:4      | Lost mutation: You occasionally lose the ability to read
                  | scrolls when taking damage. [potion of mutation]
  3969 | D:4      | Gained mutation: You are occasionally teleported next to
                  | monsters. [potion of mutation]
  3969 | D:4      | Gained mutation: You have a pair of small antennae on your
                  | head. [potion of mutation]
  4104 | D:4      | Reached skill level 5 in Maces & Flails
  4104 | D:4      | Reached XP level 8. HP: 52/52 MP: 8/8
  4118 | D:4      | Gained mutation: Your spells are a little easier to cast,
                  | but a little less powerful. [hidden defects]
  4466 | D:5      | Reached skill level 6 in Maces & Flails
  4474 | D:5      | Gained mutation: You sometimes lose your temper in combat.
                  | [hidden defects]
  4474 | D:5      | Lost mutation: You have hidden genetic defects. [hidden
                  | defects expressed]
  4656 | D:5      | Found a hazy altar of Hepliaklqana.
  4660 | D:5      | Found a shadowy altar of Dithmenos.
  4662 | D:5      | Found a stormy altar of Qazlal.
  4672 | D:5      | Found an ornate altar of the Wu Jian Council.
  4674 | D:5      | Found an iron altar of Okawaru.
  4676 | D:5      | Found a burning altar of Makhleb.
  4679 | D:5      | Found a blossoming altar of Fedhas.
  4682 | D:5      | Found a sacrificial altar of Ru.
  4688 | D:5      | Fell from the grace of Cheibriados
  4688 | D:5      | Became a worshipper of Ru the Awakened
  4736 | D:5      | Reached skill level 7 in Maces & Flails
  4790 | D:5      | Found a shimmering altar of Xom.
  4832 | D:5      | Identified a scroll of acquirement
  4833 | D:5      | Acquired 515 gold pieces
  5024 | D:6      | Found a glowing golden altar of the Shining One.
  5059 | D:6      | Reached skill level 8 in Maces & Flails
  5094 | D:6      | Found Cigeg's Jewellery Emporium.
  5099 | D:6      | Bought an amulet of regeneration for 420 gold pieces
  5217 | D:6      | Reached XP level 9. HP: 32/56 MP: 9/9
  5321 | D:6      | Found Estizuxy's Book Shop.
  5349 | D:6      | Reached skill level 9 in Maces & Flails
  5350 | D:6      | Found Gireas's Assorted Antiques.
  5359 | D:6      | Bought a granite ring for 135 gold pieces
  5467 | D:6      | Found Evveikypiph's Magic Scroll Boutique.
  5735 | D:7      | Reached skill level 10 in Maces & Flails
  5735 | D:7      | Found Gozag's Platinum Reserve.
  5735 | D:7      | Found an opulent altar of Gozag.
  5790 | D:8      | Found a staircase to the Lair.
  5790 | D:8      | Noticed an elephant
  5880 | D:8      | Gained mutation: You are sensitive to extremes of
                  | temperature. (rF-, rC-) [Ru sacrifice]
  5880 | D:8      | Reached * piety under Ru
  5880 | D:8      | Reached ** piety under Ru
  5884 | D:8      | Reached skill level 11 in Maces & Flails
  6084 | D:8      | Reached XP level 10. HP: 63/63 MP: 10/10
  6100 | D:8      | Killed an elephant
  6101 | D:8      | Reached skill level 12 in Maces & Flails
  6662 | D:7      | Noticed Sigmund
  6672 | D:7      | Killed Sigmund
  6691 | D:7      | Noticed Edmund
  6695 | D:7      | Killed Edmund
  6757 | D:7      | Found a white marble altar of Elyvilon.
  6868 | D:7      | Found a runed translucent door.
  6869 | D:7      | Noticed Crazy Yiuf
  6879 | D:7      | Killed Crazy Yiuf
  7164 | D:6      | Bought a scroll of identify for 22 gold pieces
  7164 | D:6      | Bought a scroll of identify for 22 gold pieces
  7164 | D:6      | Bought a scroll of teleportation for 33 gold pieces
  7164 | D:6      | Bought a scroll of teleportation for 33 gold pieces
  7196 | D:9      | Noticed Amaemon
  7196 | D:9      | Noticed an orange demon
  7207 | D:9      | Killed an orange demon
  7215 | D:9      | Killed Amaemon
  7216 | D:9      | Reached skill level 13 in Maces & Flails
  7364 | D:9      | Found a radiant altar of Vehumet.
  7405 | D:9      | Found Jeoreut's Assorted Antiques.
  7419 | D:9      | Was forgiven by Cheibriados
  7438 | D:9      | Found Qacami's Jewellery Emporium.
  7481 | D:9      | Found Ikhlesawi's General Store.
  7519 | D:9      | Found Idghoxom's Magic Scroll Boutique.
  7538 | D:9      | Noticed a two-headed ogre
  7543 | D:9      | Reached skill level 5 in Dodging
  7544 | D:9      | Reached skill level 5 in Fighting
  7641 | D:9      | Killed a two-headed ogre
  7642 | D:9      | Reached XP level 11. HP: 72/72 MP: 11/11
  7733 | D:9      | Found a bloodstained altar of Trog.
  7798 | D:9      | Found an ancient bone altar of Kikubaaqudgha.
  7798 | D:9      | Found a shimmering blue altar of Sif Muna.
  7805 | D:9      | Got Sif Muna's Teachings on the Map
  7839 | D:10     | Entered Level 10 of the Dungeon
  7839 | D:10     | Found Qosheog's Antique Weapon Shop.
  7866 | D:10     | Noticed Sonja
  7875 | D:10     | Killed Sonja
  7886 | D:10     | Lost mutation: You sometimes lose your temper in combat.
                  | [potion of mutation]
  7886 | D:10     | Lost mutation: You are occasionally teleported next to
                  | monsters. [potion of mutation]
  7886 | D:10     | Lost mutation: You have a pair of small antennae on your
                  | head. [potion of mutation]
  7886 | D:10     | Gained mutation: Your spells are easier to cast, but less
                  | powerful. [potion of mutation]
  7886 | D:10     | Gained mutation: Your mind is acute. (Int +4, Str/Dex -1)
                  | [potion of mutation]
  8035 | D:10     | Reached skill level 14 in Maces & Flails
  8047 | D:10     | Gained mutation: You are somewhat unskilled. (-1 Apt) [Ru
                  | sacrifice]
  8047 | D:10     | Reduced skill Maces & Flails to level 12
  8047 | D:10     | Reached *** piety under Ru
  8131 | D:10     | Bought a glowing sling for 166 gold pieces
  8215 | D:10     | Noticed Maggie
  8216 | D:10     | Noticed a deep elf pyromancer
  8588 | D:10     | Killed Maggie
  8701 | D:10     | Reached skill level 5 in Ranged Weapons
  8753 | D:10     | Noticed Harold
  8784 | D:10     | Killed Harold
  8988 | D:10     | Found a broken altar of Ashenzari.
  9397 | D:11     | Noticed a white ugly thing
  9409 | D:11     | Killed a white ugly thing
  9413 | D:11     | Noticed Psyche
  9420 | D:11     | Killed Psyche
  9769 | D:11     | Learned a level 1 spell: Apportation
  9773 | D:11     | Learned a level 3 spell: Dazzling Flash
  9942 | D:11     | Got the Folio of Metamorphosis
  9946 | D:11     | Learned a level 2 spell: Wereblood
  9977 | D:11     | Found a staircase to the Orcish Mines.
  9991 | D:11     | Reached XP level 12. HP: 55/80 MP: 12/12
 10389 | D:11     | Reached skill level 1 in Hexes
 10483 | D:11     | Reached skill level 1 in Spellcasting
 10717 | D:11     | Gained mutation: You are hated by all. [Ru sacrifice]
 10717 | D:11     | Reached **** piety under Ru
 10717 | D:11     | Reached ***** piety under Ru
 10880 | D:12     | Noticed a boulder beetle
 10910 | D:12     | Killed a boulder beetle
 10911 | D:12     | Reached skill level 1 in Shields
 11276 | D:12     | Noticed a two-headed ogre
 11282 | D:12     | Noticed an eight-headed hydra
 12214 | D:13     | Annihilated by an enormous slime creature

Illustrated notes

Levels and vault maps discovered:
D:1:      dpeg_arrival_concentric_ovals, layout_basic, minmay_tetromino_l2
D:2:      layout_loops_ring, shapermc_ecumenical_altar_hornbeckon,
          minmay_misc_feat_doors, uniq_terence, uniq_jessica
D:3:      layout_basic, lemuel_round_altar, cheibrodos_sewer_entry_bend
D:4:      layout_basic, minmay_temple_entry_mist, sigmund_army
D:5:      layout_rooms, nicolae_uskayaw_murder_on_the_dancefloor,
          nemelex_spade_bored_becter, kennysheep_mini_moat,
          nicolae_overflow_hallway_of_the_gods, enter_ossuary_1
D:6:      layout_loops_ring, nicolae_tso_besieged_by_evil, serial_shops, shop,
          nicolae_take_the_stairs, shop, nicolae_shop_crystal,
          grunt_decor_one_mirror
D:7:      layout_gridville, elyvilon_altar_4, nicolae_gozag_zags_fifth_avenue,
          sigmund_edmund_badplayer, uniq_crazy_yiuf_cottage
D:8:      layout_loops_ring, david_lair_generic
D:9:      layout_rooms, grunt_temple_overflow_magic_moments, old_standard_altar,
          serial_shops, nicolae_lakefront_shop, shop, shop,
          nicolae_stop_n_shop_1, uniq_amaemon
D:10:     kennysheep_seaside_town, layout_irregular_city,
          nicolae_ashenzari_skybound, serial_shops, shop, uniq_sonja,
          uniq_maggie, uniq_harold
D:11:     layout_grid_maze, david_orc_5, uniq_psyche
D:12:     layout_irregular_city
D:13:     layout_irregular_city, hangedman_vaults_entry_quadrant_bands
Temple:   ebering_the_one_and_only

Skill      XL: |  1  2  3  4  5  6  7  8  9 10 11 12 |
---------------+-------------------------------------+-----
Stealth        | 2 3 4 5 6 8 |  8.0
Long Blades    | 1 2 |  2.3
Dodging        | 3 5 6 |  6.7
Fighting       | 3 5 6 7 |  7.8
Maces & Flails | 1 5 8 11 13 12 | 12.9
Ranged Weapons | 5 5 |  5.8
Hexes          | 1 |  1.5
Spellcasting   | 2 |  2.6
Shields        | 3 |  3.3

Action                   |  1- 3 |  4- 6 |  7- 9 | 10-12 || total
-------------------------+-------+-------+-------+-------++-------
Melee: Dagger            |    22 |     2 |       |       ||    24
       Unarmed           |     6 |       |       |       ||     6
       Tentacles         |    13 |    33 |    56 |   202 ||   304
       Constrict         |     6 |    32 |    47 |    95 ||   180
       Short sword       |     4 |    60 |       |       ||    64
       Punch             |     1 |     2 |     3 |     9 ||    15
       Falchion          |       |    38 |    63 |    65 ||   166
       Whip              |       |     6 |   179 |   572 ||   757
       Flail             |       |       |       |    11 ||    11
       Demon whip        |       |       |       |    13 ||    13
 Fire: Shortbow          |    35 |   103 |    71 |    55 ||   264
       Sling             |       |       |       |    44 ||    44
Invok: Sacrifice Resista |       |       |     1 |       ||     1
       Sacrifice Skill   |       |       |       |     1 ||     1
       Draw Out Power    |       |       |       |     1 ||     1
       Sacrifice Love    |       |       |       |     1 ||     1
Evoke: Wand              |       |       |       |     3 ||     3
  Use: Potion            |     1 |       |     3 |     4 ||     8
       Scroll            |       |     5 |     8 |    16 ||    29
 Stab: Sleeping          |     1 |     3 |     1 |    11 ||    16
       Distracted        |       |       |     1 |     2 ||     3
       Invisible         |       |       |       |     8 ||     8
       Paralysed         |       |       |       |     7 ||     7
Armor: Skin              |     2 |    15 |    64 |    89 ||   170
Dodge: Dodged            |    22 |    60 |   117 |   207 ||   406
Block: Buckler           |       |       |       |    12 ||    12
